 Dungeon Crawl Stone Soup version 0.26.0-90-g5fd8617961 (webtiles) character file.

Game seed: 10487408158426975948

9737 Gadfly the Cudgeller (level 11, -4/163 HPs)
             Began as an Ogre Gladiator on Feb 3, 2021.
             Was a High Priest of Okawaru.
             Slain by a freezing wraith (9 damage)
             ... in an ice cave.
             The game lasted 00:24:16 (14518 turns).

Gadfly the Cudgeller (Ogre Gladiator)              Turns: 14518, Time: 00:24:17

Health: -4/163     AC: 15    Str: 25    XL:     11   Next: 51%
Magic:  0/16       EV: 12    Int:  9    God:    Okawaru [*****.]
Gold:   302        SH:  0    Dex: 10    Spells: 4/10 levels left

rFire    x . .     SeeInvis .   b - +3 quarterstaff (chaos)
rCold    + + +     Faith    .   (shield currently unavailable)
rNeg     . . .     Spirit   +   u - +0 ice dragon scales
rPois    .         Reflect  .   c - +1 hat
rElec    .         Harm     .   i - +0 cloak
rCorr    .         Rampage  .   (gloves unavailable)
Will     +....                  (boots unavailable)
Stlth    ..........             A - amulet of guardian spirit
HPRegen  0.37/turn              h - +4 ring of evasion
MPRegen  0.15/turn              F - ring of protection from cold

@: berserking (expiring), slowed
A: large, unfitting armour, blink, mutation resistance 1, strong 1, tough skin 1
a: Blink, Renounce Religion, Heroism, Finesse


You were in an ice cave.
You worshipped Okawaru.
Okawaru was extremely pleased with you.
You visited 1 branch of the dungeon, and saw 12 of its levels.
You also visited: Sewer and Ice Cave.

You collected 488 gold pieces.
You spent 186 gold pieces at shops.

Inventory:

Hand Weapons
 a - a +4 flail of draining
 b - a +3 quarterstaff of chaos (weapon)
 r - a +2 mace of protection
 I - a +3 battleaxe of freezing
 J - a +2 antimagic battleaxe
Missiles
 d - 3 throwing nets
 m - 6 large rocks
 o - 2 silver javelins
 B - 5 javelins
Armour
 c - a +1 hat (worn)
 i - a +0 cloak (worn)
 u - +0 ice dragon scales (worn)
Jewellery
 h - a +4 ring of evasion (left hand)
 n - the ring of the Real Monster {Ice *Contam +Blink SInv Stlth+}
   (You bought it in a shop on level 6 of the Dungeon)

   [ring of ice]

   It enhances your ice magic.
   It makes you vulnerable to fire.
   It protects you from cold.
   It lets you see invisible.
   It lets you blink.
   It causes magical contamination when unequipped.
   It makes you more stealthy.
 q - an uncursed ring of protection from fire
 t - an uncursed ring of positive energy
 A - an amulet of guardian spirit (around neck)
 D - an uncursed ring of protection from fire
 F - a ring of protection from cold (right hand)
Wands
 z - a wand of polymorph (7)
 C - a wand of digging (2)
 E - a wand of flame (28) (quivered)
 G - a wand of iceblast (5)
Scrolls
 k - 5 scrolls of teleportation
 p - 3 scrolls of remove curse
 s - 2 scrolls of enchant armour
 x - a scroll of fear
 y - a scroll of identify
 H - 2 scrolls of enchant weapon
Potions
 e - 3 potions of curing
 f - a potion of mutation
 g - 2 potions of cancellation
 j - 2 potions of resistance
 l - a potion of might
 v - 3 potions of flight
 w - a potion of heal wounds


   Skills:
 + Level 7.3 Fighting
 * Level 7.7 Maces & Flails
 + Level 6.8 Throwing
 * Level 6.9 Armour
 - Level 2.6 Dodging
 + Level 7.2 Invocations
 * Level 7.0 Evocations


You had 4 spell levels left.
You knew the following spells:

 Your Spells              Type           Power        Failure   Level
a - Blink                 Tloc           N/A          83%         2
b - Summon Small Mammal   Summ           0%           71%         1
c - Conjure Flame         Conj/Fire      0%           97%         3

Your spell library contained the following spells:

 Spells                   Type           Power        Failure   Level
 Foxfire                  Conj/Fire      0%           71%         1
 Magic Dart               Conj           0%           71%         1
 Call Imp                 Summ           0%           83%         2
 Poisonous Vapours        Pois/Air       0%           83%         2
 Slow                     Hex            0%           83%         2
 Call Canine Familiar     Summ           0%           97%         3
 Confusing Touch          Hex            0%           97%         3
 Gell's Gravitas          Tloc           0%           97%         3
 Inner Flame              Hex/Fire       0%           97%         3
 Mephitic Cloud           Conj/Pois/Air  0%           97%         3
 Summon Guardian Golem    Hex/Summ       0%           97%         3
 Petrify                  Tmut/Erth      0%           100%        4
 Sticky Flame             Conj/Fire      0%           100%        4
 Summon Ice Beast         Ice/Summ       0%           100%        4
 Summon Lightning Spire   Summ/Air       0%           100%        4
 Fireball                 Conj/Fire      0%           100%        5
 Metabolic Englaciation   Hex/Ice        0%           100%        5
 Yara's Violent Unravell  Hex/Tmut       0%           100%        5
 Freezing Cloud           Conj/Ice/Air   0%           100%        6


Dungeon Overview and Level Annotations

Branches:
Dungeon (13/15)            Temple (0/1) D:6            Lair (0/6) D:8
  Sewer (visited)           IceCv (1/1)
    Orc: D:9-12      Vaults: D:13-14

Altars:
Cheibriados
Dithmenos
Elyvilon
Nemelex Xobeh
Okawaru
Ru
Trog
Vehumet
Wu Jian
Beogh

Shops:
D:6 *

Annotations:
D:10 3 runed translucent doors, oldmanjim's ghost, novice HOMo


Innate Abilities, Weirdness & Mutations

You are too large for most types of armour.
You have tough skin. (AC +1)
You can translocate small distances at will.
You are somewhat resistant to further mutation.
Your muscles are strong. (Str +2)


Message History

The freezing wraith is severely damaged.
The freezing wraith closely misses you. x2; The freezing wraith hits you.
* * * LOW HITPOINT WARNING * * *
The freezing wraith freezes you. You resist.
* * * LOW HITPOINT WARNING * * *
The freezing wraith hits you.
* * * LOW HITPOINT WARNING * * *
You hit the freezing wraith.
The freezing wraith seems to slow down.
The freezing wraith is severely damaged.
The freezing wraith is no longer moving slowly.
The freezing wraith hits you but does no damage.
The freezing wraith hits you!
* * * LOW HITPOINT WARNING * * *
The freezing wraith drains your vigour!
You feel as though you will be slow longer.
The freezing wraith hits you but does no damage. x2
You barely miss the freezing wraith.
The freezing wraith is severely damaged.
The freezing wraith hits you!
You die...

...# .W.# W..#
... ..## #####
..# ##...###.##
##....@##..#
#...#.WW#..#
#..####....#
##..# ##...#
##..## ##.##
##...# ###
##....## ####
#......#
##..####.....##


You could see 2 freezing wraiths.

Vanquished Creatures
  A two-headed ogre (D:10)
  An unseen horror (D:10)
  A centaur zombie (D:12)
  2 centaur skeletons
  2 rime drakes (D:12)
  A hornet (shapeshifter) (D:6)
  A shadow (D:9)
  2 wyverns
  6 yaks
  2 basilisks (D:8)
  Edmund (D:6)
  A soldier ant (D:10)
  A water moccasin (D:8)
  5 orc warriors
  2 sky beasts
  3 black bears
  7 ice beasts
  3 ogres
  A necrophage (D:10)
  2 centaurs
  3 big kobolds
  9 bullfrogs
  3 scorpions
  A wyvern skeleton (D:9)
  An elephant simulacrum (IceCv)
  A swamp dragon simulacrum (IceCv)
  4 killer bees (D:8)
  8 wights
  A howler monkey (D:9)
  A quasit (D:9)
  A wyvern simulacrum (D:12)
  7 orc priests
  A hound (D:5)
  12 orc wizards
  A bullfrog skeleton (D:10)
  2 iguanas (D:7)
  Crazy Yiuf (D:4)
  Natasha (thrice) (D:2)
  6 worker ants
  Terence (D:2)
  A polar bear simulacrum (IceCv)
  A wolf simulacrum (IceCv)
  A killer bee zombie (D:6)
  2 hound zombies
  A hound skeleton (D:8)
  A river rat (D:5)
  9 adders
  A howler monkey skeleton (D:6)
  8 white imps
  An ooze (D:1)
  2 adder skeletons
  3 worms
  5 dart slugs
  4 leopard geckos
  35 orcs
  7 giant cockroaches
  6 hobgoblins
  16 jackals
  19 kobolds
  5 quokkas
  2 ball pythons
  6 bats
  3 frilled lizards
  14 goblins
  A leopard gecko skeleton (D:4)
  A quokka skeleton (D:6)
  19 rats
286 creatures vanquished.

Vanquished Creatures (others)
  A yak (D:13)
  A fungus (D:7)
  6 plants
8 creatures vanquished.

Grand Total: 294 creatures vanquished

Notes
Turn   | Place    | Note
-------+----------+-------------------------------------------
     0 | D:1      | Gadfly the Ogre Gladiator began the quest for the Orb.
     0 | D:1      | Reached XP level 1. HP: 22/22 MP: 1/1
   136 | D:1      | Reached XP level 2. HP: 29/29 MP: 2/2
   499 | D:1      | Reached skill level 1 in Invocations
   762 | D:1      | Reached XP level 3. HP: 30/36 MP: 3/3
   766 | D:1      | Reached skill level 1 in Evocations
   863 | D:1      | Reached skill level 1 in Armour
  1438 | D:2      | Noticed Natasha
  1451 | D:2      | Killed Natasha
  1452 | D:2      | Reached XP level 4. HP: 26/44 MP: 5/5
  1680 | D:2      | Noticed Natasha
  2049 | D:2      | Noticed Terence
  2129 | D:2      | Killed Natasha
  2130 | D:2      | Reached XP level 5. HP: 22/50 MP: 6/6
  2496 | D:2      | Noticed Natasha
  2842 | D:2      | Killed Terence
  3006 | D:2      | Killed Natasha
  3336 | D:3      | Reached XP level 6. HP: 59/59 MP: 8/8
  4653 | D:4      | Found a snail-covered altar of Cheibriados.
  5340 | D:4      | Gained mutation: Your muscles are strong. (Str +2) [potion
                  | of mutation]
  5340 | D:4      | Gained mutation: You can translocate small distances at
                  | will. [potion of mutation]
  5400 | D:4      | Reached XP level 7. HP: 66/66 MP: 9/9
  5564 | D:4      | Found a runed translucent door.
  5565 | D:4      | Noticed Crazy Yiuf
  5702 | D:4      | Killed Crazy Yiuf
  5787 | D:5      | Entered Level 5 of the Dungeon
  6010 | D:5      | Found a glowing drain.
  6021 | Sewer    | Entered a sewer
  6182 | Sewer    | Found a white marble altar of Elyvilon.
  6193 | Sewer    | Became a worshipper of Elyvilon the Healer
  6624 | D:5      | Found an iron altar of Okawaru.
  6631 | D:5      | Got a polished short sword
  6693 | D:5      | Fell from the grace of Elyvilon
  6693 | D:5      | Became a worshipper of Warmaster Okawaru
  6694 | D:5      | Identified the +9 short sword of Duty {vorpal, Int+4
                  | Stlth+} (You found it on level 5 of the Dungeon)
  6748 | D:5      | Reached XP level 8. HP: 75/75 MP: 11/11
  7034 | D:6      | Found Oscheaceps's Assorted Antiques.
  7228 | D:6      | Bought a lumpy dark potion for 24 gold pieces
  7228 | D:6      | Bought a scroll labelled WALLESM VERAOR for 27 gold pieces
  7584 | D:6      | Bought a shimmering platinum ring for 135 gold pieces
  7585 | D:6      | Identified the ring of the Real Monster {Ice *Contam +Blink
                  | SInv Stlth+} (You bought it in a shop on level 6 of the
                  | Dungeon)
  7612 | D:6      | Gained mutation: You are somewhat resistant to further
                  | mutation. [mutagenic glow]
  7622 | D:6      | Found a staircase to the Ecumenical Temple.
  7880 | D:6      | Noticed a shapeshifter
  7880 | D:6      | a bullfrog changed into a shapeshifter
  7880 | D:6      | Noticed a hornet
  7880 | D:6      | a shapeshifter changed into a hornet
  7882 | D:6      | Paralysed by a hornet for 1 turns
  7889 | D:6      | Killed a hornet
  7889 | D:6      | Reached * piety under Okawaru
  8222 | D:6      | Noticed Edmund
  8230 | D:6      | Killed Edmund
  8386 | D:6      | Reached skill level 5 in Invocations
  8387 | D:6      | Reached XP level 9. HP: 77/84 MP: 10/12
  8515 | D:7      | Reached ** piety under Okawaru
  8673 | D:7      | Reached skill level 5 in Maces & Flails
  8673 | D:7      | Reached skill level 5 in Throwing
  9336 | D:7      | Noticed a moth of wrath
  9339 | D:7      | Found a bloodstained altar of Trog.
  9393 | D:7      | Found a sacrificial altar of Ru.
  9582 | D:7      | Found a white marble altar of Elyvilon.
  9582 | D:7      | Found a shadowy altar of Dithmenos.
 10134 | D:8      | Reached skill level 5 in Evocations
 10141 | D:8      | Reached *** piety under Okawaru
 10142 | D:8      | Reached skill level 5 in Fighting
 10142 | D:8      | Reached skill level 5 in Armour
 10385 | D:8      | Found a staircase to the Lair.
 10580 | D:8      | Found a radiant altar of Vehumet.
 10718 | D:8      | Reached XP level 10. HP: 92/96 MP: 14/14
 11188 | D:8      | Found an ornate altar of the Wu Jian Council.
 11598 | D:9      | Found a sparkling altar of Nemelex Xobeh.
 11857 | D:9      | Found a white marble altar of Elyvilon.
 11893 | D:9      | Reached **** piety under Okawaru
 12418 | D:9      | Learned a level 2 spell: Blink
 12420 | D:9      | Learned a level 1 spell: Summon Small Mammal
 12424 | D:9      | Learned a level 3 spell: Conjure Flame
 12642 | D:10     | Entered Level 10 of the Dungeon
 12688 | D:10     | Noticed a two-headed ogre
 12700 | D:10     | Killed a two-headed ogre
 12700 | D:10     | Received a gift from Okawaru
 12973 | D:10     | Killed an unseen horror
 12973 | D:10     | Received a gift from Okawaru
 12977 | D:10     | Reached ***** piety under Okawaru
 13123 | D:10     | Reached XP level 11. HP: 106/107 MP: 14/16
 13161 | D:10     | Found a runed translucent gate.
 13161 | D:10     | Found a runed translucent gate.
 13169 | D:10     | Found a runed translucent gate.
 13199 | D:10     | Noticed oldmanjim's ghost (novice HOMo)
 13202 | D:10     | Found a roughly hewn altar of Beogh.
 13266 | D:10     | Noticed Sonja
 13276 | D:10     | Noticed Sonja
 13276 | D:10     | Sonja changed into Sonja the soldier ant
 13283 | D:10     | Killed Sonja the soldier ant
 13478 | D:10     | You fall into a shaft and drop 3 floors!
 13514 | D:13     | Received a gift from Okawaru
 13978 | D:12     | Found a frozen archway.
 14004 | IceCv    | Entered an ice cave
 14517 | IceCv    | HP: 5/163 [freezing wraith (7)]
 14518 | IceCv    | Slain by a freezing wraith

Illustrated notes

Levels and vault maps discovered:
D:1:      minmay_arrival_split_and_join, layout_basic
D:2:      layout_basic, minmay_door_square, columned_hall_lemuel,
          minmay_goblin_outpost, uniq_terence, uniq_natasha
D:3:      layout_basic, chequers_decorated_corner, minivault_11,
          saegor_snake_ambush
D:4:      layout_basic, kennysheep_slug_shrine, uniq_crazy_yiuf_cottage
D:5:      layout_cave_pools, portal_sewer_entry_e, lemuel_tele_altar
D:6:      layout_cave_pools, minmay_temple_entry_mist, serial_shops,
          nicolae_shop_crystal, uniq_edmund
D:7:      layout_basic, tgw_trog, nicolae_ru_the_path_less_chosen,
          gammafunk_temple_overflow_pools
D:8:      layout_basic, kennysheep_mini, david_lair_generic, basic_altar
D:9:      layout_basic, basic_altar, library_closet, hex_intersection,
          nemelex_spade_bored_becter
D:10:     layout_basic, minmay_orc_entry_temple_small,
          biasface_ghost_orc_armoury, uniq_sonja, uniq_psyche
D:12:     layout_roguey [special_room_bee], serial_ice, serial_ice_d,
          serial_ice_j, serial_ice_m, serial_ice_a, serial_ice_o, serial_ice_c,
          serial_ice_f, portal_ice_cave_rime
D:13:     layout_long_grid, uniq_frances
IceCv:    ice_cave_small_necro

Skill      XL: |  1  2  3  4  5  6  7  8  9 10 11 |
---------------+----------------------------------+-----
Invocations    | 1 2 3 4 5 6 7 |  7.2
Evocations     | 1 2 3 4 5 6 7 |  7.0
Armour         | 1 2 3 4 5 6 |  6.9
Maces & Flails | 3 4 5 7 |  7.7
Throwing       | 3 4 5 6 |  6.8
Fighting       | 3 4 5 6 7 |  7.3
Dodging        | |  2.6

Action                   |  1- 3 |  4- 6 |  7- 9 | 10-12 || total
-------------------------+-------+-------+-------+-------++-------
Melee: Flail             |    93 |       |   152 |   396 ||   641
       Unarmed           |     5 |       |       |       ||     5
       Dagger            |     4 |   217 |   105 |       ||   326
       Quarterstaff      |       |       |   126 |    13 ||   139
Throw: Stone             |       |     4 |       |       ||     4
       Boomerang         |       |     3 |     3 |    13 ||    19
       Javelin           |       |       |       |     5 ||     5
Invok: Heroism           |       |       |       |     1 ||     1
 Abil: Blink             |       |       |     1 |       ||     1
Evoke: Wand              |       |       |       |     5 ||     5
  Use: Scroll            |     3 |     8 |     4 |     3 ||    18
       Potion            |       |     3 |     1 |     3 ||     7
 Stab: Sleeping          |       |     2 |       |       ||     2
       Paralysed         |       |       |     4 |       ||     4
Armor: Robe              |    29 |    35 |    11 |       ||    75
       Skin              |     1 |       |       |       ||     1
       Ice dragon scales |       |       |   159 |   268 ||   427
Dodge: Dodged            |    68 |   133 |   272 |   332 ||   805
